 Dungeon Crawl Stone Soup version 0.31-a0-271-gb88eb75e06 (webtiles) character file.

Game seed: 7187402951090422829

707 Maratek the Cutter (level 7, -1/49 HPs)
             Began as an Octopode Chaos Knight on July 14, 2023.
             Was a Plaything of Xom.
             Slain by an orc
             ... wielding a +0 mace
              (3 damage)
             ... on level 5 of the Dungeon.
             The game lasted 00:14:00 (3218 turns).

Maratek the Cutter (Octopode Chaos Knight)          Turns: 3218, Time: 00:14:00

Health: -1/49      AC:  1    Str: 14      XL:     7   Next: 67%
Magic:  11/16      EV: 13    Int: 18 (19) God:    Xom [......]
Gold:   97         SH:  0    Dex:  9      Spells: 6/6 levels left

rFire   . . .        f - +7 falchion of the Key {holy, rElec Int+5}
rCold   . . .        (no shield)
rNeg    . . .        (helmet restricted)
rPois   .            (no amulet)
rElec   +            d - ring of magical power
rCorr   .            (no ring)
SInv    .            (no ring)
Will    .....        (no ring)
Stlth   ++++         (no ring)
HPRegen 0.28/turn    (no ring)
MPRegen 0.15/turn    (no ring)
                     (no ring)

%: no passive effects
@: no status effects
A: almost no armour, amphibious, 8 rings, camouflage 1, gelatinous body 1,
(nimble swimmer 1), tentacles, clumsy 1, deterioration 1, mutation resistance 1
a: Renounce Religion


You were on level 5 of the Dungeon.
You worshipped Xom.
You were a very special plaything of Xom.
You visited 1 branch of the dungeon, and saw 5 of its levels.

You collected 97 gold pieces.

Inventory:

Hand Weapons
 a - a +0 short sword of chaos
 f - the +7 falchion of the Key (weapon) {holy, rElec Int+5}
   (You found it on level 4 of the Dungeon)

   Int:       It affects your intelligence (+5).
   rElec:     It insulates you from electricity.
Jewellery
 d - a ring of magical power (left tentacle)
Talismans
 j - a beast talisman
Scrolls
 c - a scroll of teleportation
 i - a scroll of identify (quivered)
Miscellaneous
 b - a piece from Xom's chessboard (2/15)
 g - a piece from Xom's chessboard (2/15)


   Skills:
 + Level 4.7 Fighting
 + Level 5.1(5.3) Short Blades
 + Level 1.9(3.8) Long Blades
 + Level 3.8 Dodging
 + Level 5.0 Stealth
 + Level 2.5 Evocations


You had 6 spell levels left.
You didn't know any spells.
Your spell library contained the following spells:

 Spells                   Type           Power      Damage    Failure   Level
 Slow                     Hex            0%         N/A       22%         1
 Confusing Touch          Hex            0%         N/A       54%         3
 Hailstorm                Conj/Ice       0%         3d3       54%         3
 Vampiric Draining        Necr           0%         2d6       54%         3
 Summon Ice Beast         Ice/Summ       0%         N/A       91%         4
 Simulacrum               Ice/Necr       0%         N/A       100%        6


Dungeon Overview and Level Annotations

Branches:
Dungeon (5/15)
 Temple: D:4-7

Altars:
Cheibriados
Sif Muna

Shops:
D:2 [   D:4 :


Innate Abilities, Weirdness & Mutations

You cannot wear most types of armour.
You are amphibious.
You can wear up to eight rings at the same time.
Your skin changes colour to match your surroundings (Stealth+).
Your rubbery body absorbs attacks. (AC +1, EV +1)
((You are camouflaged when in or above water. (Stealth+)))
You have tentacles for arms and can constrict up to eight enemies at once.
You are clumsy. (Dex -2)
Your body sometimes deteriorates upon taking damage.
You are somewhat resistant to further mutation.


Message History

A puff of flame appears from out of thin air!
The puff of flame hits you!
Things that are here:
a +0 ring mail of cold resistance; a +0 short sword; an orc skeleton Something tries to affect you, but you resist.
You see here a howler monkey skeleton.
Items here: )))) [[[[ ÷÷÷.
You see here a +0 flail.
You can't see anything.
Try to make a move anyway?
You make a move on Xom's chessboard...
Nothing appears to happen.
You see here a +0 flail.
You closely miss something. Something hits you.
You miss something. Your squeeze misses something.
You hear some strange, mumbled words.
A magic dart appears from out of thin air!
The magic dart hits you!
You barely miss something. Something hits you.
You slash something!
You hear some strange, mumbled words.
Something tries to affect you, but you resist.
Something hits you.
You miss something. Something hits you.
You hit something. Your squeeze misses something. Something hits you.
You miss something. Your squeeze misses something. Something hits you.
You miss something. Your squeeze misses something. Something hits you.
* * * LOW HITPOINT WARNING * * *
You hit something.
You hear some strange, mumbled words.
A puff of flame appears from out of thin air!
The puff of flame hits you!
* * * LOW HITPOINT WARNING * * *
You hit something.
Reactivating autopickup.
You feel a bit more experienced.
Your Stealth skill increases to level 5!
You hit the orc. You grab the orc.
The orc is heavily wounded.
You constrict the orc. The orc hits you with a +0 mace.
You die... "What!?
That's it?"

.. # #. ###### #.#.
...... #.#.### #.......
#.....## .......
##.....## ####....#.###
#...>...#####[)[)........
#.........)@o÷#[.###..#..
#.......#######.##.......
##.....#######..##.......
#...<...................
#...............##.......
#.####.####.#.#....<.....
#. .... #.#..###....... #
#...... #.#...# ###.##.
#.......#...#.# .#


You could see an orc.

Vanquished Creatures
  An ogre (D:4)
  2 scorpions
  2 howler monkeys
  A jelly (D:3)
  2 hounds (D:5)
  An orc priest (D:5)
  2 iguanas
  A sleepcap (D:5)
  3 orc wizards (D:5)
  A gnoll (D:1)
  7 adders
  5 dart slugs
  8 orcs (D:5)
  2 bats
  4 endoplasms
  6 giant cockroaches
  10 goblins
  5 hobgoblins
  4 jackals (D:1)
  A quokka (D:2)
  4 ball pythons
  4 frilled lizards
  9 kobolds
  8 rats
93 creatures vanquished.

Notes
Turn   | Place    | Note
-------+----------+-------------------------------------------
     0 | D:1      | Maratek the Octopode Chaos Knight began the quest for the
                  | Orb.
     0 | D:1      | Reached XP level 1. HP: 16/16 MP: 1/1
   118 | D:1      | Reached XP level 2. HP: 21/21 MP: 2/2
   193 | D:1      | Reached XP level 3. HP: 26/26 MP: 3/3
   198 | D:1      | Reached skill level 1 in Stealth
   696 | D:2      | Found Gotogyimou's Armour Boutique.
   755 | D:2      | XOM: silly message
   922 | D:2      | Reached XP level 4. HP: 32/32 MP: 4/4
  1135 | D:2      | XOM: cloud trail
  1214 | D:3      | Reached XP level 5. HP: 12/37 MP: 5/5
  1375 | D:3      | XOM: noise
  1446 | D:3      | XOM: divination: magic mapping
  1616 | D:3      | Gained mutation: Your body sometimes deteriorates upon
                  | taking damage. [potion of mutation]
  1652 | D:3      | XOM: 2-stop teleportation journey
  1682 | D:3      | XOM: give mutations
  1682 | D:3      | Gained mutation: You occasionally lose the ability to drink
                  | potions when taking damage. [Xom's mischief]
  1682 | D:3      | Lost mutation: You occasionally lose the ability to drink
                  | potions when taking damage. [Xom's mischief]
  1729 | D:3      | XOM: stat loss: -1 Dex (10/11)
  1897 | D:3      | XOM: god gift: scale mail {god gift}
  1933 | D:4      | Reached XP level 6. HP: 19/43 MP: 6/6
  2062 | D:4      | Identified the +7 falchion of the Key {holy, rElec Int+5}
  2070 | D:4      | XOM: polymorph kobold -> endoplasm
  2227 | D:4      | XOM: god gift: piece from Xom's chessboard (inert)
  2242 | D:4      | Reached skill level 1 in Evocations
  2438 | D:4      | Found Ryeggol's Book Boutique.
  2653 | D:4      | Found a shimmering blue altar of Sif Muna.
  2802 | D:5      | Entered Level 5 of the Dungeon
  2802 | D:5      | Found a snail-covered altar of Cheibriados.
  2810 | D:5      | Reached skill level 5 in Short Blades
  2810 | D:5      | Reached XP level 7. HP: 43/49 MP: 7/7
  2857 | D:5      | XOM: swap monsters
  2865 | D:5      | Reached skill level 1 in Long Blades
  2866 | D:5      | HP: 2/49 [iguana (7)]
  2879 | D:4      | XOM: give mutations
  2879 | D:4      | Lost mutation: Your body sometimes deteriorates upon taking
                  | damage. [Xom's mischief]
  2879 | D:4      | Gained mutation: You are somewhat resistant to further
                  | mutation. [Xom's mischief]
  2879 | D:4      | Gained mutation: Your body sometimes deteriorates upon
                  | taking damage. [Xom's mischief]
  2879 | D:4      | Gained mutation: You are clumsy. (Dex -2) [Xom's mischief]
  3039 | D:4      | XOM: summons 2 hostile shadow creatures
  3042 | D:4      | XOM: polymorph orc -> adder
  3216 | D:5      | HP: 1/49 [something/puff of flame (12)]
  3218 | D:5      | Reached skill level 5 in Stealth
  3218 | D:5      | Slain by an orc

Illustrated notes

Levels and vault maps discovered:
D:1:      reono_arrival_mine, layout_loops_ring, serial_bayou_lagoon_a,
          grunt_decor_junction
D:2:      layout_rooms, serial_shops, nicolae_shop_statue_plus
D:3:      minmay_spotlight, layout_loops_ring, uniq_natasha
D:4:      layout_rooms, led_sif_pool, serial_shops, nicolae_shop_tiny_glass
D:5:      layout_rooms, old_standard_altar, minmay_misc_feat_enclosed,
          chequers_arboretum, uniq_ijyb

Skill      XL: |  1  2  3  4  5  6  7 |
---------------+----------------------+-----
Stealth        | 1 2 3 4 5 |  5.0
Dodging        | 3 |  3.8
Short Blades   | 4 5 |  5.1
Fighting       | 4 |  4.7
Evocations     | 1 2 |  2.5
Long Blades    | 1 |  1.9

Action                     |  1- 3 |  4- 6 |  7- 9 || total
---------------------------+-------+-------+-------++-------
  Melee: Short sword       |    74 |    74 |       ||   148
         Constrict         |    23 |    19 |     8 ||    50
         Tentacles         |    20 |    20 |     7 ||    47
         Punch             |       |     2 |       ||     2
         Falchion          |       |    11 |    45 ||    56
  Evoke: Piece from Xom's  |     1 |    21 |     4 ||    26
         Wand              |       |     3 |     6 ||     9
    Use: Potion            |     1 |     4 |     1 ||     6
         Scroll            |       |     3 |     3 ||     6
   Stab: Sleeping          |     5 |     2 |       ||     7
         Paralysed         |     1 |     1 |       ||     2
         Petrifying        |       |     1 |       ||     1
         Petrified         |       |     1 |       ||     1
         Distracted        |       |     1 |       ||     1
 Armour: Skin              |     3 |     4 |     1 ||     8
  Dodge: Dodged            |    37 |    49 |    34 ||   120

Table legend: (Time is in decaauts)
 A = Elapsed time spent in this place.
 B = Non-inter-level travel time spent in this place.
 C = Inter-level travel time spent in this place.
 D = Time resting spent in this place.
 E = Time spent auto-exploring this place.
 F = Levels seen in this place.
 G = Mean time per level.
                   A        B        C        D        E       F      G
               +--------+--------+--------+--------+--------+-----+--------+
         Total |   3200 |   3200 |      0 |      0 |   2146 |   5 |  640.0 |
       Dungeon |   3200 |   3200 |      0 |      0 |   2146 |   5 |  640.0 |
               +--------+--------+--------+--------+--------+-----+--------+

Top non-repeatable levels by time:
     D:4: 1169 daAuts
     D:3: 705 daAuts
     D:1: 669 daAuts
     D:2: 520 daAuts
     D:5: 135 daAuts
